 Dungeon Crawl Stone Soup version 0.24.0-123-gd5b16e6ec5 (webtiles) character file.

Game seed: 8228554843818941996, levelgen mode: deterministic

57 AuftragZ the Charmwright (level 4, -1/34 HPs)
             Began as a Merfolk Skald on Feb 3, 2020.
             Slain by a goblin
             ... wielding a +0 club
              (3 damage)
             ... on level 2 of the Dungeon.
             The game lasted 00:04:34 (1814 turns).

AuftragZ the Charmwright (Merfolk Skald)            Turns: 1814, Time: 00:04:35

Health: -1/34      AC:  2    Str: 12    XL:     4   Next: 0%
Magic:  5/7        EV: 13    Int: 12    God:
Gold:   46         SH:  0    Dex: 13    Spells: 2/7 levels left

rFire    . . .     SeeInvis .   a - +0 spear
rCold    . . .     Gourm    .   (no shield)
rNeg     . . .     Faith    .   i - +0 robe
rPois    +         Spirit   .   (no helmet)
rElec    .         Reflect  .   (no cloak)
rCorr    .         Harm     .   (no gloves)
MR       .....                  (no boots)
Stlth    +.........             (no amulet)
HPRegen  0.11/turn              e - ring of poison resistance
MPRegen  0.10/turn              (no ring)

@: no status effects
A: change form in water, swift swim, stealthy swim
a: no special abilities


You were on level 2 of the Dungeon.
You were very hungry.

You visited 1 branch of the dungeon, and saw 2 of its levels.

You collected 46 gold pieces.

Inventory:

Hand Weapons
 a - a +0 spear (weapon)
Armour
 f - a +1 pair of gloves
 i - a +0 robe (worn)
Jewellery
 e - a ring of poison resistance (left hand)
Scrolls
 b - a scroll of magic mapping {unknown}
 c - 2 scrolls of teleportation {unknown}
Potions
 g - a potion of heal wounds {unknown}
 h - a potion of berserk rage {unknown}
Comestibles
 d - 3 rations


   Skills:
 + Level 2.7 Fighting
 + Level 3.4 Polearms
 + Level 1.5 Armour
 + Level 3.3 Dodging
 + Level 0.1 Stealth
 + Level 2.1 Spellcasting
 + Level 3.6 Charms


You had 2 spell levels left.
You knew the following spells:

 Your Spells              Type           Power        Failure   Level  Hunger
a - Infusion              Chrm           ##..         6%          1    ##.....
b - Song of Slaying       Chrm           ##......     9%          2    ###....
c - Shroud of Golubria    Chrm/Tloc      #.....       19%         2    ###....

Your spell library contained the following spells:

 Spells                   Type           Power        Failure   Level  Hunger
 Regeneration             Chrm/Necr      #.........   36%         3    ####...
 Spectral Weapon          Hex/Chrm       #.......     36%         3    ####...


Dungeon Overview and Level Annotations

Branches:
Dungeon (2/15)

Altars:


Message History

The goblin hits you with a +0 dagger.
You barely miss the goblin. The adder bites you.
* * * LOW HITPOINT WARNING * * *
The goblin hits you but does no damage. The goblin barely misses you.
You closely miss the goblin. The adder closely misses you.
The goblin barely misses you. x2
You hit the adder but do no damage.
The adder is severely wounded.
The adder bites you.
* * * LOW HITPOINT WARNING * * *
The adder barely misses you. The goblin hits you with a +0 club.
* * * LOW HITPOINT WARNING * * *
You hit the adder.
You kill the adder!
You have reached level 4!
The goblin barely misses you.
You hit the goblin.
The goblin is moderately wounded.
The goblin hits you with a +0 club.
You die...

#########
........###
......g@..#
......g.#.#
........#.#
........#.#
........#.#
........#.#
........#.#
##.######.##
#.#.......#


You could see 2 goblins.

Vanquished Creatures
  2 adders (D:2)
  An ooze (D:2)
  A worm (D:2)
  2 dart slugs (D:1)
  A leopard gecko (D:2)
  5 goblins
  4 hobgoblins
  2 kobolds (D:2)
  3 bats (D:1)
  4 frilled lizards
  4 rats
29 creatures vanquished.

Notes
Turn   | Place    | Note
-------+----------+-------------------------------------------
     0 | D:1      | AuftragZ the Merfolk Skald began the quest for the Orb.
     0 | D:1      | Reached XP level 1. HP: 16/16 MP: 3/3
   597 | D:1      | Reached XP level 2. HP: 20/22 MP: 5/5
   633 | D:1      | Learned a level 2 spell: Song of Slaying
   636 | D:1      | Learned a level 2 spell: Shroud of Golubria
  1107 | D:1      | Reached skill level 1 in Armour
  1580 | D:2      | Reached XP level 3. HP: 26/27 MP: 1/6
  1813 | D:2      | Reached XP level 4. HP: 2/34 MP: 4/7
  1814 | D:2      | Slain by a goblin

Levels and vault maps discovered:
D:1:      scummos_arrival_hexagon, layout_basic
D:2:      layout_basic

Skill      XL: |  1  2 |
---------------+-------+-----
Dodging        | 3 |  3.3
Armour         | 1 |  1.5
Fighting       | |  2.7
Polearms       | |  3.4
Stealth        | |  0.1
Spellcasting   | |  2.1
Charms         | |  3.6

Action                   |  1- 3 |  4- 6 || total
-------------------------+-------+-------++-------
Melee: Spear             |   108 |     1 ||   109
 Cast: Shroud of Golubri |     1 |       ||     1
  Use: Potion            |     1 |       ||     1
       Scroll            |     3 |       ||     3
  Eat: Chunk             |     2 |       ||     2
Armor: Leather armour    |    20 |       ||    20
       Scale mail        |    33 |       ||    33
       Robe              |     1 |       ||     1
Dodge: Dodged            |    79 |     1 ||    80
